 Dungeon Crawl Stone Soup version 0.26-a0-753-g4680b4fa2e (webtiles) character file.

Game seed: 10344268340912313456

68 Forecaster the Stinger (level 4, -4/36 HPs)
             Began as a Naga Venom Mage on Nov 7, 2020.
             Slain by an ice beast (9 damage)
             ... on level 2 of the Dungeon.
             The game lasted 00:05:17 (1982 turns).

Forecaster the Stinger (Naga Venom Mage)            Turns: 1982, Time: 00:05:18

Health: -4/36      AC:  2    Str: 10    XL:     4   Next: 19%
Magic:  8/8        EV: 10    Int: 17    God:
Gold:   98         SH:  0    Dex: 11    Spells: 5/8 levels left

rFire    . . .     SeeInvis +   b - +0 dagger
rCold    . . .     Faith    .   (no shield)
rNeg     . . .     Spirit   .   a - +0 robe
rPois    +         Reflect  .   (no helmet)
rElec    .         Harm     .   (no cloak)
rCorr    .         Rampage  .   (no gloves)
MR       .....                  (no barding)
Stlth    ++........             (no amulet)
HPRegen  0.12/turn              (no ring)
MPRegen  0.11/turn              (no ring)

@: very slow
A: large, see invisible, deformed body, poison resistance, slowness 2, spit
poison 1, AC +1
a: Spit Poison


You were on level 2 of the Dungeon.
You visited 1 branch of the dungeon, and saw 2 of its levels.

You collected 98 gold pieces.

Inventory:

Hand Weapons
 b - a +0 dagger (weapon)
Armour
 a - a +0 robe (worn)
Scrolls
 c - a scroll of immolation {unknown}
 d - a scroll of remove curse {unknown}
 e - a scroll of teleportation {unknown}
 f - a scroll of enchant weapon {unknown}
 g - a scroll of identify {unknown}
 j - a scroll of fear {unknown}
Potions
 h - a potion of lignification {unknown}
 i - a potion of heal wounds {unknown}


   Skills:
 + Level 1.7 Dodging
 + Level 3.8 Stealth
 + Level 2.8 Spellcasting
 + Level 1.2 Transmutations
 + Level 0.7 Air Magic
 + Level 4.9 Poison Magic


You had 5 spell levels left.
You knew the following spells:

 Your Spells              Type           Power        Failure   Level
a - Sting                 Tmut/Pois      ##..         4%          1
b - Poisonous Vapours     Pois/Air       ##....       9%          2

Your spell library contained the following spells:

 Spells                   Type           Power        Failure   Level
 Ignite Poison            Fire/Tmut/Pois #.......     22%         3
 Mephitic Cloud           Conj/Pois/Air  #.......     24%         3
 Olgreb's Toxic Radiance  Pois           ###.....     24%         4


Dungeon Overview and Level Annotations

Branches:
Dungeon (2/15)

Altars:


Innate Abilities, Weirdness & Mutations

You cannot wear boots.
Your serpentine skin is tough. (AC +1)
You have supernaturally acute eyesight. (SInv)
Armour fits poorly on your strangely shaped body.
Your system is resistant to poisons. (rPois)
You cover ground very slowly.
You can spit poison.


Message History

The ice beast hits you but does no damage.
You closely miss the ice beast.
The ice beast is heavily wounded.
The ice beast hits you. The ice beast freezes you!
You hit the ice beast.
The ice beast is heavily wounded.
The ice beast hits you. The ice beast freezes you!
* * * LOW HITPOINT WARNING * * *
You closely miss the ice beast.
The ice beast is heavily wounded.
The ice beast barely misses you.
You hit the ice beast but do no damage.
The ice beast is heavily wounded.
The ice beast barely misses you.
You hit the ice beast but do no damage.
The ice beast is heavily wounded.
The ice beast hits you.
* * * LOW HITPOINT WARNING * * *
The ice beast freezes you!
You die...

#.#.#.#.# #.........#..
#.#.#.#.#######.#####.#..
#.#.#.#.......... ...#..
#.#.#.###.#####.## #..#..
#.#.#.....# #.# #..#.#
#.#.#####.# #.# #..#..
#.........#####.# #.....
#.####........####.###.
#@########........ #.Y##
#.##.#### ..... # #......
########.####.. ###..##
#>............. #..#
#.######.#(.### #..#
#.<............ #..#
#...####.....########..#
#.†.#........###.......#.


You could see an ice beast.

Vanquished Creatures
  Natasha (D:2)
  An ooze (D:2)
  A worm (D:2)
  3 dart slugs
  A leopard gecko (D:1)
  A ball python (D:2)
  4 bats
  6 goblins
  3 hobgoblins (D:1)
  A quokka (D:2)
  A frilled lizard (D:1)
  3 kobolds
  3 rats
29 creatures vanquished.

Notes
Turn   | Place    | Note
-------+----------+-------------------------------------------
     0 | D:1      | Forecaster the Naga Venom Mage began the quest for the Orb.
     0 | D:1      | Reached XP level 1. HP: 15/15 MP: 3/3
   345 | D:1      | Reached XP level 2. HP: 12/22 MP: 3/5
   349 | D:1      | Learned a level 2 spell: Poisonous Vapours
  1194 | D:2      | Noticed an ice beast
  1313 | D:2      | Reached XP level 3. HP: 28/28 MP: 1/6
  1695 | D:2      | Noticed Natasha
  1698 | D:2      | Killed Natasha
  1698 | D:2      | Reached XP level 4. HP: 36/36 MP: 0/8
  1982 | D:2      | Slain by an ice beast

Illustrated notes

Levels and vault maps discovered:
D:1:      dpeg_arrival_long_road, layout_basic, kennysheep_pointless_box
D:2:      layout_basic, hangedman_glass_teeth, minmay_tetromino_s4, uniq_natasha

Action                   |  1- 3 |  4- 6 || total
-------------------------+-------+-------++-------
Melee: Dagger            |    31 |    21 ||    52
       Unarmed           |     7 |       ||     7
 Cast: Sting             |     5 |       ||     5
       Poisonous Vapours |    30 |     1 ||    31
 Stab: Sleeping          |     1 |     1 ||     2
Armor: Robe              |     4 |     2 ||     6
Dodge: Dodged            |    20 |    12 ||    32

Table legend: (Time is in decaauts)
 A = Elapsed time spent in this place.
 B = Non-inter-level travel time spent in this place.
 C = Inter-level travel time spent in this place.
 D = Time resting spent in this place.
 E = Time spent auto-exploring this place.
 F = Levels seen in this place.
 G = Mean time per level.
                   A        B        C        D        E       F      G
               +--------+--------+--------+--------+--------+-----+--------+
         Total |   2301 |   2265 |     36 |    251 |   1743 |   2 | 1150.5 |
       Dungeon |   2301 |   2265 |     36 |    251 |   1743 |   2 | 1150.5 |
               +--------+--------+--------+--------+--------+-----+--------+

Top non-repeatable levels by time:
     D:1: 1292 daAuts
     D:2: 1009 daAuts
